Map: Bridgehead LE (Void)

Players

Nerchio - Winner!

  • Race: Zerg Zerg
  • League: Diamond

Nina (Lillekanin)

  • Race: Terran Terran
  • League: Master

Event: Lycan League Weekly August #3

VOD

Have the link to the VOD?

Description

Time

  • Played on: Aug. 17, 2015, 1:10 p.m.
  • Length: 11:01

All games in this series

Show
View Real Time Build Order
Export as new Build Order

Nerchio Zerg - Winner!

Build Orders: Hatch First 

Get SALT Encoding   

  12  0:01  Drone  
  13  0:12  Overlord  
  13  0:17  Drone  
  14  0:31  Drone x2  
  14  0:34  Drone  
  17  0:52  Hatchery  
  17  0:55  Drone  
  17  1:01  Drone, Extractor  
  17  1:15  Spawning Pool  
  17  1:18  Drone  
  17  1:22  Drone  
  18  1:28  Drone  
  19  1:38  Overlord  
  19  1:49  Drone  
  20  2:01  Queen  
  20  2:02  Metabolic Boost  
  20  2:03  Zergling x2  
  23  2:08  Queen  
  23  2:12  Zergling x2  
  26  2:17  Drone  
  26  2:18  Drone  
  26  2:21  Drone  
  29  2:27  Zergling x2  
  30  2:32  Zergling x2  
  31  2:37  Drone  
  31  2:43  Drone  
  33  2:51  Hatchery  
  32  2:54  Drone  
  33  3:01  Drone x2  
  33  3:04  Overlord  
  35  3:11  Drone  
  36  3:22  Queen  
  36  3:24  Drone x5  
  36  3:26  Drone  
  44  3:35  Roach Warren  
  44  3:36  Drone  
  43  3:42  Overlord  
  43  3:49  Overlord  
  43  3:53  Drone  
  43  3:55  Overlord  
  43  3:57  Overlord  
  43  4:01  Drone  
  43  4:02  Drone x3  
  45  4:15  Roach x6  
  57  4:18  Drone  
  57  4:22  Drone x3  
  61  4:24  Drone  
  61  4:26  Extractor  
  61  4:28  Drone  
  61  4:29  Extractor  
  61  4:30  Drone  
  62  4:31  Drone  
  64  4:38  Ravager  
  64  4:43  Ravager  
  64  4:45  Overlord  
  65  4:47  Zergling x12  
  65  4:51  Overlord  
  71  4:57  Overlord  
  71  5:01  Drone x3  
  75  5:07  Drone x6  
  75  5:11  Drone  
  81  5:16  Drone x5  
  81  5:22  Drone  
  81  5:23  Drone  
  81  5:28  Drone  
  82  5:30  Lair  
  82  5:34  Drone x2  
  82  5:35  Evolution Chamber x2, Extractor  
  81  5:37  Extractor  
  81  5:39  Extractor  
  81  5:42  Drone x3  
  82  5:45  Drone x4  
  82  5:46  Drone  
  87  5:51  Ravager x2  
  87  5:53  Overlord  
  87  5:55  Roach x2  
  95  5:57  Roach  
  95  6:00  Overlord  
  94  6:05  Overlord  
  94  6:10  Zerg Missile Weapons Level 1  
  94  6:11  Zerg Ground Armor Level 1  
  92  6:14  Drone x3  
  94  6:22  Ravager x2  
  96  6:26  Ravager  
  96  6:28  Drone x3  
  96  6:29  Drone x5  
  105  6:33  Drone x4  
  101  6:54  Zergling x4  
  101  6:55  Zergling x6  
  103  7:08  Zergling x4  
  103  7:09  Zergling x2  
  103  7:14  Drone x2  
  97  7:17  Drone  
  97  7:18  Infestation Pit, Queen x2  
  101  7:26  Drone  
  101  7:27  Drone x2  
  104  7:32  Hatchery  
  104  7:35  Hatchery  
  101  7:49  Queen  
  102  7:52  Zergling x4  
  102  7:53  Zergling x10  
  108  8:03  Overlord  
  108  8:05  Hive  
  105  8:06  Overlord  
  105  8:08  Spire  
  104  8:12  Hatchery  
  104  8:13  Drone  
  104  8:14  Drone  
  105  8:20  Zerg Ground Armor Level 2, Zerg Missile Weapons Level 2  
  105  8:23  Glial Reconstitution  
  105  8:25  Burrow  
  105  8:28  Roach x5  
  105  8:29  Roach  
  105  8:30  Extractor  
  105  8:31  Extractor  
  110  8:36  Roach x5  
  119  8:43  Roach x2  
  119  8:44  Roach  
  119  8:47  Overlord  
  125  8:52  Roach x4  
  125  8:53  Roach  
  125  8:55  Roach  
  137  8:59  Overlord  
  137  9:07  Roach x3  
  143  9:10  Roach x2  
  143  9:11  Roach  
  143  9:13  Overlord x2  
  143  9:14  Overlord  
  149  9:18  Overlord  
  149  9:23  Corruptor x2  
  149  9:24  Corruptor x2, Greater Spire  
  150  9:28  Drone x2  
  150  9:29  Drone x3  
  150  9:30  Drone x2  
  163  9:33  Drone x4  
  163  9:37  Overlord x2  
  167  9:39  Ravager  
  167  9:41  Corruptor  
  167  9:43  Corruptor  
  169  9:59  Roach x8  
  159  10:07  Roach x6  
  159  10:12  Roach  
  159  10:13  Roach x3  
  177  10:18  Roach x2  
  177  10:19  Corruptor x4, Roach x2  
  179  10:22  Roach x3  
  179  10:25  Roach  
  179  10:28  Roach x2  
  181  10:29  Roach  
Show
View Real Time Build Order
Export as new Build Order

Nina Terran 

Build Orders: Liberator Opening 

Get SALT Encoding   

  12  0:00  SCV  
  13  0:12  SCV  
  14  0:17  Supply Depot  
  14  0:25  SCV  
  15  0:39  SCV  
  15  0:41  Barracks  
  16  0:43  Refinery  
  16  0:51  SCV  
  17  1:03  SCV  
  18  1:15  SCV  
  19  1:28  Orbital Command  
  19  1:34  Barracks Reactor  
  19  1:42  Command Center  
  19  1:48  Supply Depot  
  19  1:54  SCV  
  20  2:06  SCV  
  20  2:08  Factory  
  21  2:09  Marine x2  
  23  2:18  SCV  
  23  2:21  Refinery  
  24  2:27  Marine x2  
  26  2:30  SCV  
  27  2:42  SCV  
  28  2:54  SCV  
  28  2:57  Starport  
  29  2:59  Hellion x2  
  29  3:02  Orbital Command  
  33  3:06  SCV  
  34  3:13  Supply Depot  
  34  3:18  SCV  
  35  3:20  Hellion x2  
  35  3:24  Liberator  
  39  3:27  SCV  
  39  3:30  SCV  
  41  3:36  Armory  
  41  3:39  SCV  
  40  3:45  SCV  
  42  3:52  SCV  
  45  3:55  Hellion  
  45  3:57  SCV  
  45  3:58  Hellion  
  48  4:04  SCV  
  48  4:07  Barracks Reactor  
  50  4:10  SCV  
  50  4:16  SCV  
  51  4:19  Supply Depot  
  51  4:28  Command Center  
  51  4:29  SCV  
  51  4:30  Supply Depot  
  52  4:32  Liberator  
  52  4:33  Hellion  
  52  4:35  Liberator  
  54  4:40  Supply Depot, SCV  
  54  4:41  Hellion  
  57  4:46  SCV  
  65  4:52  SCV  
  65  4:58  SCV  
  66  5:04  SCV  
  67  5:09  Hellion x2  
  67  5:10  SCV  
  69  5:17  SCV, Factory  
  69  5:18  Factory  
  64  5:24  SCV  
  61  5:29  SCV  
  61  5:31  Factory  
  60  5:35  Refinery  
  60  5:36  SCV, Refinery  
  60  5:41  SCV  
  62  5:43  Liberator, Orbital Command  
  62  5:46  Barracks Tech Lab  
  62  5:48  SCV, Supply Depot  
  63  5:54  Hellion x2  
  67  6:02  SCV  
  67  6:03  Factory Tech Lab  
  71  6:15  Factory Tech Lab  
  71  6:19  SCV x2  
  71  6:25  Cyclone  
  76  6:29  Hellbat  
  80  6:37  Cyclone  
  80  6:39  SCV  
  80  6:45  SCV  
  75  6:47  Hellbat  
  75  6:50  Liberator  
  75  6:51  Cyclone  
  70  6:58  SCV x2  
  68  7:13  SCV x2  
  70  7:17  Orbital Command  
  70  7:22  Hellbat x3  
  76  7:25  SCV x2  
  78  7:34  Supply Depot  
  78  7:35  Engineering Bay  
  78  7:37  SCV x2  
  78  7:39  Terran Vehicle Weapons Level 1  
  78  7:42  Factory, Liberator  
  78  7:43  Refinery  
  80  7:45  Armory  
  80  7:46  Refinery  
  80  7:49  SCV x2  
  80  7:51  Supply Depot  
  82  7:52  Supply Depot  
  80  8:01  SCV  
  80  8:02  SCV, Factory Reactor  
  79  8:12  Missile Turret  
  79  8:13  SCV  
  79  8:14  SCV  
  79  8:17  Supply Depot  
  79  8:18  Liberator  
  79  8:20  SCV  
  79  8:24  Unknown  
  79  8:25  SCV  
  79  8:26  SCV  
  82  8:32  SCV  
  80  8:35  Hellion, Liberator  
  80  8:36  Hellion  
  80  8:37  SCV  
  80  8:38  SCV  
  86  8:43  Cyclone  
  86  8:44  SCV  
  90  8:49  SCV  
  90  8:50  SCV  
  90  8:51  Hellion x2  
  90  8:54  Supply Depot  
  95  8:56  Factory Tech Lab  
  95  8:57  SCV, Missile Turret  
  95  8:58  Hellbat x3  
  95  9:01  SCV  
  95  9:02  SCV  
  104  9:05  Cyclone  
  106  9:10  Liberator  
  106  9:14  SCV x2  
  106  9:15  Cyclone  
  111  9:17  Hellbat  
  111  9:19  Hellbat x2  
  111  9:20  Missile Turret  
  117  9:28  SCV  
  121  9:33  Command Center, Cyclone  
  121  9:37  Command Center  
  121  9:38  Missile Turret, Hellbat  
  126  9:39  SCV x2, Hellbat  
  126  9:40  Hellbat  
  132  9:45  Viking  
  132  9:50  Hellbat  
  136  9:57  Siege Tank  
  136  9:59  Hellbat  
  128  10:00  Hellbat  
  119  10:07  SCV x2  
  119  10:10  Viking  
  119  10:13  SCV  
  109  10:15  Viking  
  109  10:19  SCV x2  
  104  10:22  Hellbat  
  104  10:23  Hellbat x3  
  104  10:28  Cyclone  
  104  10:29  Cyclone  
  104  10:31  SCV  
  104  10:32  SCV  
  103  10:38  SCV  
  93  10:44  SCV  

Tags
 
Add a new tag
Caveats
  • Supply blocks, unpowered buildings, or Contaminate may cause inaccurate times.
  • Supply counts are checked every 10 seconds.